 Dungeon Crawl Stone Soup version 0.24-a0-264-gf46a388 (webtiles) character file.

Game seed: 17802838823739733238

37 FlareUmbra the Chiller (level 3, -2/24 HPs)
             Began as a Merfolk Ice Elementalist on Apr 20, 2019.
             Slain by a worm (8 damage)
             ... on level 2 of the Dungeon.
             The game lasted 00:12:43 (1716 turns).

FlareUmbra the Chiller (Merfolk Ice Elementalist)   Turns: 1716, Time: 00:12:44

Health: -2/24      AC:  8    Str:  8    XL:     3   Next: 39%
Magic:  0/6        EV: 13    Int: 15    God:
Gold:   92         SH:  0    Dex: 14    Spells: 3/7 levels left

rFire    . . .     SeeInvis .   e - +0 dagger
rCold    . . .     Gourm    +   (no shield)
rNeg     . . .     Faith    .   a - +0 robe
rPois    .         Spirit   .   (no helmet)
rElec    .         Reflect  .   (no cloak)
rCorr    .         Harm     .   g - +0 pair of gloves
MR       .....                  (no boots)
Stlth    ++........             j - amulet of the gourmand
HPRegen  0.08/turn              (no ring)
MPRegen  0.10/turn              (no ring)

@: icy armour
A: change form in water, swift swim, stealthy swim
a: no special abilities


You were on level 2 of the Dungeon.
You were not hungry.

You visited 1 branch of the dungeon, and saw 2 of its levels.

You collected 92 gold pieces.

Inventory:

Hand Weapons
 d - a +1 hand axe of draining
 e - a +0 dagger (weapon)
Armour
 a - a +0 robe (worn)
 g - a +0 pair of gloves (worn)
Jewellery
 j - an amulet of the gourmand (around neck)
Scrolls
 b - 2 scrolls of immolation {unknown}
 i - 2 scrolls of remove curse {unknown}
 n - 2 scrolls of identify {unknown}
Potions
 f - a potion of resistance {unknown}
 h - a potion of heal wounds {unknown}
 k - a potion of agility {unknown}
 l - 3 potions of curing {unknown}
 m - a potion of ambrosia {unknown}
Comestibles
 c - 4 rations


   Skills:
 + Level 0.1 Short Blades
 + Level 2.8 Dodging
 + Level 2.4 Stealth
 + Level 2.5 Spellcasting
   Level 0.7 Conjurations
 + Level 4.1 Ice Magic


You had 3 spell levels left.
You knew the following spells:

 Your Spells              Type           Power        Failure   Level  Hunger
a - Freeze                Ice            ##..         3%          1    #......
b - Ozocubu's Armour      Chrm/Ice       #.......     26%         3    ###....

Your spell library contained the following spells:

 Spells                   Type           Power        Failure   Level  Hunger
 Throw Frost              Conj/Ice       #.....       12%         2    ###....
 Throw Icicle             Conj/Ice       #.......     61%         4    #####..
 Summon Ice Beast         Ice/Summ       #.......     65%         4    #####..


Dungeon Overview and Level Annotations

Branches:
Dungeon (2/15)

Altars:


Message History

The worm is moderately wounded.
You hit the worm.
The worm is moderately wounded.
The worm bites you.
* * * LOW HITPOINT WARNING * * *
Your magical contamination has completely faded away.
You hit the worm but do no damage.
The worm is moderately wounded.
You hit the worm.
The worm is moderately wounded.
The worm completely misses you.
Casting: Ozocubu's Armour (safe; 26% risk of failure)
Confirm with . or Enter, or press ? or * to list all spells.
Aiming: Freeze (safe; 3% risk of failure)
Press: ? - help, Shift-Dir - straight line, f/p - worm
Aim: a worm (moderately wounded)
You freeze the worm.
The worm is moderately wounded.
The worm bites you!
You die...

#.# #.# #.# #.#
##+# #.# #...##
#.#### .....##
##....# ......##
##.###w#
.......####...##@#
.......'.......#.#
.......####...##.#
......##
##.###.### .....##
###.....# #...##
###.....# ##'#
#.......# ... ..
#.#.....# ... #.#
#.#.....#


You could see a worm.

Vanquished Creatures
  A dart slug (D:2)
  2 leopard geckos (D:1)
  2 bats (D:1)
  A giant cockroach (D:1)
  2 goblins
  7 hobgoblins (D:1)
  3 jackals (D:1)
  3 kobolds
  4 frilled lizards
  4 rats
29 creatures vanquished.

Notes
Turn   | Place    | Note
-------+----------+-------------------------------------------
     0 | D:1      | FlareUmbra the Merfolk Ice Elementalist began the quest for
                  | the Orb.
     0 | D:1      | Reached XP level 1. HP: 13/13 MP: 3/3
   193 | D:1      | Reached XP level 2. HP: 19/19 MP: 1/5
   675 | D:1      | Reached skill level 4 in Ice Magic
   697 | D:1      | Reached XP level 3. HP: 17/24 MP: 0/6
   932 | D:1      | Learned a level 3 spell: Ozocubu's Armour
  1528 | D:2      | Noticed a hippogriff
  1716 | D:2      | Slain by a worm

Levels and vault maps discovered:
D:1:      dpeg_arrival_leaves_temple_mockup, layout_basic, solitary_fountain
D:2:      layout_loops_corners, first_ration

Skill      XL: |  1  2 |
---------------+-------+-----
Ice Magic      | 4 |  4.1
Short Blades   | |  0.1
Dodging        | |  2.8
Stealth        | |  2.4
Spellcasting   | |  2.5
Conjurations   | |  0.7

Action                   || total
-------------------------++-------
Melee: Dagger            ||    43
 Cast: Freeze            ||    37
       Ozocubu's Armour  ||     4
  Eat: Chunk             ||    11
Armor: Robe              ||     6
Dodge: Dodged            ||    38

Table legend:
 A = Non-vault XP
 B = Vault XP
 C = Vault XP percentage of total XP
 D = Non-vault monster count
 E = Vault monster count
 F = Vault count percentage of total count
                 A         B        C        D         E       F
            +---------+---------+-------+---------+---------+-------
      Total |      53 |       0 |   0.0 |      29 |       0 |   0.0
            +---------+---------+-------+---------+---------+-------
        D:1 |      42 |       0 |   0.0 |      23 |       0 |   0.0
        D:2 |      11 |       0 |   0.0 |       6 |       0 |   0.0
            +---------+---------+-------+---------+---------+-------
